3A
HIGHWOOD HAWKS @ GALESBURG GUZZLERS
07/26/2025
 
TOP OF THE 1ST
Highwood Hawks batting - Pitching for Galesburg Guzzlers : RHP Bob Weatherall
Pitching: RHP Bob Weatherall
Batting: RHB Dennis Dudash 0-0: Ball
1-0: Ball
2-0: Called Strike
2-1: Foul Ball, location: 2F
2-2: Fly out, F9 (Flyball, 9S)
Batting: RHB Sterling Burnett 0-0: Ball
1-0: Fly out, F8 (Flyball, 78M)
Batting: RHB Rojo Nasution 0-0: Called Strike
0-1: Swinging Strike
0-2: Foul Ball, location: 2F
0-2: Strikes out swinging
Top of the 1st over - 0 run(s), 0 hit(s), 0 error(s), 0 left on base; Highwood 0 - Galesburg 0
BOTTOM OF THE 1ST
Galesburg Guzzlers batting - Pitching for Highwood Hawks : RHP Stanley Eldrige
Pitching: RHP Stanley Eldrige
Batting: RHB Eun-bum Kim 0-0: Ball
1-0: Called Strike
1-1: Ball
2-1: Foul Ball, location: 2F
2-2: Ground out 4-3 (Groundball, 4)
Batting: RHB Toussiant L'Ouverture 0-0: Ball
1-0: Foul Ball, location: 2F
1-1: Swinging Strike
1-2: Ball
2-2: Strikes out swinging
Batting: LHB Adrián Gómez 0-0: Ball
1-0: Swinging Strike
1-1: Called Strike
1-2: Strikes out swinging
Bottom of the 1st over - 0 run(s), 0 hit(s), 0 error(s), 0 left on base; Highwood 0 - Galesburg 0
TOP OF THE 2ND
Highwood Hawks batting - Pitching for Galesburg Guzzlers : RHP Bob Weatherall
Batting: RHB Pepe Álvarez 0-0: Ball
1-0: SINGLE (Line Drive, 8LS)
Batting: SHB Adam Staats 0-0: Ball
1-0: Called Strike
1-1: Ball
2-1: DOUBLE (Line Drive, 8RD)
Pepe Álvarez to third
Batting: RHB Raleigh Delaney 0-0: Foul Ball, location: 2F
0-1: Foul Ball, location: 2F
0-2: Ball
1-2: Strikes out swinging
Batting: SHB Gabriel Pittman 0-0: Ball
1-0: Fly out, F8 (Flyball, 8LM)
Runner from 3rd tags up, OUT at HOME
Top of the 2nd over - 0 run(s), 2 hit(s), 0 error(s), 1 left on base; Highwood 0 - Galesburg 0
BOTTOM OF THE 2ND
Galesburg Guzzlers batting - Pitching for Highwood Hawks : RHP Stanley Eldrige
Batting: RHB Carlos Cardona 0-0: Ball
1-0: Fly out, F9 (Flyball, 9)
Batting: LHB Daniel Faraday 0-0: Ball
1-0: Swinging Strike
1-1: Foul Ball, location: 2F
1-2: Ball
2-2: Fly out, F9 (Flyball, 89S)
Batting: RHB Gabrio Campoverde 0-0: Ball
1-0: Called Strike
1-1: Ball
2-1: Foul Ball, location: 2F
2-2: Ball
3-2: Foul Ball, location: 2F
3-2: Base on Balls
Batting: RHB Jorge Velázquez 0-0: Called Strike
0-1: Ball
1-1: Swinging Strike
1-2: Ball
2-2: Strikes out swinging
Bottom of the 2nd over - 0 run(s), 0 hit(s), 0 error(s), 1 left on base; Highwood 0 - Galesburg 0
TOP OF THE 3RD
Highwood Hawks batting - Pitching for Galesburg Guzzlers : RHP Bob Weatherall
Batting: RHB Andrew Crosby 0-0: Bunt for hit - play at first, batter OUT! 3-4
Batting: RHB Luis Estrada 0-0: Ball
1-0: Called Strike
1-1: SOLO HOME RUN (Flyball, 7LD), Distance : 354 ft
Batting: RHB Dennis Dudash 0-0: Swinging Strike
0-1: Reached on error, E5 (Groundball, 56)
Batting: RHB Sterling Burnett 0-0: Called Strike
Dennis Dudash steals 3rd base
0-1: Foul Ball, location: 2F
0-2: Ground out 6-3 (Groundball, 6S)
Dennis Dudash scores
Batting: RHB Rojo Nasution 0-0: Foul Ball, location: 2F
0-1: Ball
1-1: Ground out 4-3 (Groundball, 4MD)
Top of the 3rd over - 2 run(s), 1 hit(s), 1 error(s), 0 left on base; Highwood 2 - Galesburg 0
BOTTOM OF THE 3RD
Galesburg Guzzlers batting - Pitching for Highwood Hawks : RHP Stanley Eldrige
Batting: RHB José Díaz 0-0: Ball
1-0: SINGLE (Groundball, 56D)
Batting: LHB Shahid Afridi 0-0: Foul Ball, location: 2F
0-1: Ball
1-1: Ball
2-1: Called Strike
2-2: Ball
3-2: DOUBLE (Line Drive, 78XD)
José Díaz to third
Runner from 3rd tries for Home, SAFE, no throw
Batting: RHB Eun-bum Kim 0-0: Called Strike
0-1: Ball
1-1: Ball
2-1: Swinging Strike
2-2: Strikes out looking
Batting: RHB Toussiant L'Ouverture 0-0: Ball
1-0: SINGLE (Groundball, 3D)
Shahid Afridi to third
Batting: LHB Adrián Gómez 0-0: Ball
1-0: Foul Ball, location: 2F
1-1: Ball
2-1: Ball
3-1: SINGLE (Flyball, 78S)
Shahid Afridi scores
Toussiant L'Ouverture to second
Batting: RHB Carlos Cardona 0-0: Foul Ball, location: 2F
0-1: Swinging Strike
0-2: Ball
1-2: Ball
2-2: Ball
3-2: Foul Ball, location: 2F
3-2: Base on Balls
Toussiant L'Ouverture to third
Adrián Gómez to second
Batting: LHB Daniel Faraday 0-0: Ball
1-0: Ball
2-0: Foul Ball, location: 2F
2-1: Foul Ball, location: 2F
2-2: Foul Ball, location: 2F
2-2: Fielders Choice at 2nd, 3-6 (Groundball, 34)
Toussiant L'Ouverture scores
Adrián Gómez to third
Batting: RHB Gabrio Campoverde 0-0: Ball
1-0: Called Strike
1-1: Fly out, F9 (Flyball, 89D)
Bottom of the 3rd over - 3 run(s), 4 hit(s), 0 error(s), 2 left on base; Highwood 2 - Galesburg 3
TOP OF THE 4TH
Highwood Hawks batting - Pitching for Galesburg Guzzlers : RHP Bob Weatherall
Batting: RHB Pepe Álvarez 0-0: Swinging Strike
0-1: Ball
1-1: Foul Ball, location: 2F
1-2: Strikes out swinging
Batting: SHB Adam Staats 0-0: Called Strike
0-1: Swinging Strike
0-2: Ball
1-2: Strikes out swinging
Batting: RHB Raleigh Delaney 0-0: Fly out, F8 (Line Drive, 8LM)
Top of the 4th over - 0 run(s), 0 hit(s), 0 error(s), 0 left on base; Highwood 2 - Galesburg 3
BOTTOM OF THE 4TH
Galesburg Guzzlers batting - Pitching for Highwood Hawks : RHP Stanley Eldrige
Batting: RHB Jorge Velázquez 0-0: Ground out 4-3 (Groundball, 4)
Batting: RHB José Díaz 0-0: Called Strike
0-1: Ball
1-1: Foul Ball, location: 2F
1-2: Ball
2-2: Ball
3-2: Strikes out looking
Batting: LHB Shahid Afridi 0-0: Called Strike
0-1: Fly out, F4 (Popup, 34)
Bottom of the 4th over - 0 run(s), 0 hit(s), 0 error(s), 0 left on base; Highwood 2 - Galesburg 3
TOP OF THE 5TH
Highwood Hawks batting - Pitching for Galesburg Guzzlers : RHP Bob Weatherall
Batting: SHB Gabriel Pittman 0-0: Called Strike
0-1: Ball
1-1: Foul Ball, location: 2F
1-2: Ball
2-2: SINGLE (Groundball, 34D)
Batting: RHB Andrew Crosby 0-0: Ball
Gabriel Pittman steals 2nd base
1-0: Ball
2-0: Foul Ball, location: 2F
2-1: Called Strike
2-2: Strikes out swinging
Batting: RHB Luis Estrada 0-0: Ball
1-0: Ball
2-0: Called Strike
2-1: Foul Ball, location: 2F
2-2: Ball
3-2: Foul Ball, location: 2F
3-2: Base on Balls
Batting: RHB Dennis Dudash 0-0: Ball
Gabriel Pittman steals 3rd base
Luis Estrada to second
1-0: Fly out, F9 (Flyball, 9S)
Runner from 3rd tags up, OUT at HOME
Top of the 5th over - 0 run(s), 1 hit(s), 0 error(s), 1 left on base; Highwood 2 - Galesburg 3
BOTTOM OF THE 5TH
Galesburg Guzzlers batting - Pitching for Highwood Hawks : RHP Stanley Eldrige
Now in CF: Jim Unknown
Batting: RHB Eun-bum Kim 0-0: Foul Ball, location: 2F
0-1: Called Strike
0-2: Strikes out looking
Batting: RHB Toussiant L'Ouverture 0-0: SINGLE (Groundball, 34D)
Batting: LHB Adrián Gómez 0-0: Ball
1-0: SINGLE (Groundball, 34D)
Toussiant L'Ouverture to second
Runner from 2nd tries for 3rd, SAFE, throw made to third
Batting: RHB Carlos Cardona 0-0: Called Strike
0-1: Foul Ball, location: 2F
0-2: Foul Ball, location: 2F
0-2: Ball
1-2: Ball
2-2: Ball
3-2: DOUBLE (Line Drive, 89M)
Toussiant L'Ouverture scores
Adrián Gómez to third
Runner from 3rd tries for Home, SAFE, throw made home
Batting: LHB Daniel Faraday 0-0: Ball
1-0: Swinging Strike
1-1: Swinging Strike
1-2: Strikes out swinging
Batting: RHB Gabrio Campoverde 0-0: Ground out 6-3 (Groundball, 6)
Bottom of the 5th over - 2 run(s), 3 hit(s), 0 error(s), 1 left on base; Highwood 2 - Galesburg 5
TOP OF THE 6TH
Highwood Hawks batting - Pitching for Galesburg Guzzlers : RHP Bob Weatherall
Batting: RHB Sterling Burnett 0-0: Ball
1-0: Called Strike
1-1: Foul Ball, location: 2F
1-2: Ball
2-2: Fly out, F7 (Line Drive, 7)
Batting: RHB Rojo Nasution 0-0: Called Strike
0-1: Foul Ball, location: 2F
0-2: Foul Ball, location: 2F
0-2: Ball
1-2: Ball
2-2: Strikes out looking
Batting: RHB Pepe Álvarez 0-0: Called Strike
0-1: Swinging Strike
0-2: Foul Ball, location: 2F
0-2: Ball
1-2: Foul Ball, location: 2F
1-2: Ground out U3 (Groundball, 3S)
Top of the 6th over - 0 run(s), 0 hit(s), 0 error(s), 0 left on base; Highwood 2 - Galesburg 5
BOTTOM OF THE 6TH
Galesburg Guzzlers batting - Pitching for Highwood Hawks : RHP Stanley Eldrige
Batting: RHB Jorge Velázquez 0-0: Ball
1-0: Called Strike
1-1: Called Strike
1-2: Ball
2-2: Ball
3-2: Foul Ball, location: 2F
3-2: Base on Balls
Batting: RHB José Díaz 0-0: Bunted foul
0-1: Sac Bunt - play at first, batter OUT! 2-4
Jorge Velázquez to second
Batting: LHB Shahid Afridi 0-0: Called Strike
0-1: Called Strike
0-2: Fly out, F7 (Flyball, 7)
Batting: RHB Eun-bum Kim 0-0: Foul Ball, location: 2F
0-1: Ball
1-1: Ground out 4-3 (Groundball, 34D)
Bottom of the 6th over - 0 run(s), 0 hit(s), 0 error(s), 1 left on base; Highwood 2 - Galesburg 5
TOP OF THE 7TH
Highwood Hawks batting - Pitching for Galesburg Guzzlers : RHP Bob Weatherall
Batting: SHB Adam Staats 0-0: Ground out U3 (Groundball, 34)
Batting: RHB Raleigh Delaney 0-0: Ball
1-0: Ball
2-0: Called Strike
2-1: Ground out 2-3 (Groundball, 2R)
Batting: RHB Jim Unknown 0-0: Fly out, F9 (Flyball, 89D)
Top of the 7th over - 0 run(s), 0 hit(s), 0 error(s), 0 left on base; Highwood 2 - Galesburg 5
BOTTOM OF THE 7TH
Galesburg Guzzlers batting - Pitching for Highwood Hawks : RHP Stanley Eldrige
Batting: RHB Toussiant L'Ouverture 0-0: Ball
1-0: Called Strike
1-1: Swinging Strike
1-2: Strikes out looking
Batting: LHB Adrián Gómez 0-0: Called Strike
0-1: Ball
1-1: Ball
2-1: Swinging Strike
2-2: Ball
3-2: Base on Balls
Pitching: RHP Artie Best
Batting: RHB Carlos Cardona 0-0: Ball
1-0: Ball
2-0: Called Strike
2-1: Foul Ball, location: 2F
2-2: Foul Ball, location: 2F
2-2: Foul Ball, location: 2F
2-2: Strikes out swinging
Batting: LHB Daniel Faraday 0-0: Called Strike
0-1: Ball
1-1: Called Strike
1-2: Ball
2-2: Foul Ball, location: 2F
2-2: Ball
3-2: Base on Balls
Adrián Gómez to second
Batting: RHB Gabrio Campoverde 0-0: Ball
1-0: Ground out 6-3 (Groundball, 6S)
Bottom of the 7th over - 0 run(s), 0 hit(s), 0 error(s), 2 left on base; Highwood 2 - Galesburg 5
TOP OF THE 8TH
Highwood Hawks batting - Pitching for Galesburg Guzzlers : RHP Bob Weatherall
Batting: RHB Andrew Crosby 0-0: Foul Ball, location: 2F
0-1: Foul Ball, location: 2F
0-2: Strikes out swinging
Batting: RHB Luis Estrada 0-0: Ball
1-0: Ground out 4-3 (Groundball, 4)
Batting: RHB Dennis Dudash 0-0: Ball
1-0: Reached on error, E5 (Groundball, 56)
Batting: RHB Sterling Burnett 0-0: Fly out, F8 (Flyball, 8LM)
Top of the 8th over - 0 run(s), 0 hit(s), 1 error(s), 1 left on base; Highwood 2 - Galesburg 5
BOTTOM OF THE 8TH
Galesburg Guzzlers batting - Pitching for Highwood Hawks : RHP Artie Best
Batting: RHB Jorge Velázquez 0-0: Foul Ball, location: 2F
0-1: Ball
1-1: Ball
2-1: Fly out, F9 (Flyball, 9LMF)
Batting: RHB José Díaz 0-0: Called Strike
0-1: Ground out 1-3 (Groundball, 13)
Batting: LHB Shahid Afridi 0-0: Ball
1-0: Ball
2-0: Ball
3-0: Called Strike
3-1: SINGLE (Groundball, 4D)
Batting: RHB Eun-bum Kim 0-0: Ball
1-0: Called Strike
1-1: Ball
2-1: Fly out, F3 (Popup, 3)
Bottom of the 8th over - 0 run(s), 1 hit(s), 0 error(s), 1 left on base; Highwood 2 - Galesburg 5
TOP OF THE 9TH
Highwood Hawks batting - Pitching for Galesburg Guzzlers : RHP Bob Weatherall
Pitching: LHP Anaías Pedroza
Batting: RHB Rojo Nasution 0-0: Called Strike
0-1: Foul Ball, location: 2F
0-2: Strikes out looking
Batting: RHB Pepe Álvarez 0-0: Called Strike
0-1: Foul Ball, location: 2F
0-2: Fly out, F6 (Line Drive, 6)
Batting: SHB Adam Staats 0-0: Ball
1-0: Ball
2-0: Called Strike
2-1: Fly out, F6 (Popup, 6MD)
Top of the 9th over - 0 run(s), 0 hit(s), 0 error(s), 0 left on base; Highwood 2 - Galesburg 5
Friday, December 30th, 2016 - OOTP Baseball 17.12 Build 75